[Event "Turkish Cup 2022"]
[Site "Sakarya"]
[Date "2022.03.29"]
[Round "7.3"]
[White "Guven, Oguz Kagan"]
[Black "Yurtseven, Melih"]
[Result "0-1"]
[ECO "D02"]
[WhiteElo "2157"]
[BlackElo "2388"]
[Annotator "NA"]
[PlyCount "104"]
[EventDate "2022.03.25"]
[EventType "swiss"]
[EventCountry "TUR"]
[SourceTitle "playchess.com"]
[Source "ChessBase"]
[SourceQuality "1"]
[TimeControl "5400+30"]

1. d4 Nf6 2. Bf4 d5 3. e3 e6 4. Nf3 Be7 5. Nbd2 Nh5 6. Be5 Nd7 7. Bd3 c5 8. c3 Qb6 9. Rb1 cxd4 10. Bxd4 Qc7 11. O-O Nhf6 12. e4 e5 13. Be3 O-O 14. exd5 Nxd5 15. Bg5 N7f6 16. Re1 h6 17. Bxf6 Bxf6 18. Ne4 Be6 19. Nxf6+ Nxf6 20. Nxe5 Bxa2 21. Ra1 Be6 22. Qf3 Rfd8 23. h3 Rd6 24. Bf5 Bxf5 25. Qxf5 Rd5 26. Re3 Re8 27. Rae1 Re6 28. Qf4 Rdxe5 29. Rxe5 Nd7 30. Rxe6 Qxf4 31. Re8+ Kh7 32. R8e7 Nc5 33. R1e3 a5 34. g3 Qf5 35. R7e5 Qc8 36. Re7 a4 37. Rxf7 Qxh3 38. Rf4 Qh5 39. Rd4 Qf5 40. Re2 b5 41. Kg2 Nd3 42. f3 Nc1 43. Ree4 Nb3 44. Rd1 Nc5 45. Red4 Nb3 46. Re4 Na5 47. g4 Qf7 48. Rde1 Nc4 49. R1e2 Qf6 50. Rd4 Qg5 51. Rd7 Qc1 52. Rd5 Ne3+ 0-1

[Event "Turkish Cup 2022"]
[Site "Sakarya"]
[Date "2022.03.29"]
[Round "7.4"]
[White "Koksal, Ege"]
[Black "Isilak, Enes"]
[Result "1-0"]
[ECO "D28"]
[WhiteElo "2343"]
[BlackElo "2125"]
[Annotator "TA"]
[PlyCount "82"]
[EventDate "2022.03.25"]
[EventType "swiss"]
[EventCountry "TUR"]
[SourceTitle "playchess.com"]
[Source "ChessBase"]
[SourceQuality "1"]
[TimeControl "5400+30"]

1. d4 d5 2. c4 dxc4 3. e3 Nf6 4. Bxc4 e6 5. Nf3 a6 6. O-O b5 7. Bd3 Bb7 8. Qe2 c5 9. a4 b4 10. dxc5 Bxc5 11. e4 Nbd7 12. Nbd2 e5 13. Nb3 O-O 14. Bg5 Bd6 15. Rfd1 h6 16. Be3 a5 17. Nh4 Re8 18. Nf5 Bf8 19. f3 Bc6 20. Bb5 Bxb5 21. Qxb5 Qb8 22. Nxa5 Qxb5 (22... g6 $16 {might work better.}) 23. axb5 $18 Rab8 $2 (23... Reb8 24. b6 Nxb6) 24. Nc4 $18 Re6 25. Ra7 Nc5 26. b6 Rc6 (26... Nb7 $142 27. Bf2 b3) 27. Nxe5 Rcxb6 28. Nxf7 ({Don't take} 28. Rxf7 Re6 29. Rxf8+ Rxf8 $18) 28... Ra6 29. Rxa6 Nxa6 30. Ne5 Rc8 31. Ra1 Re8 32. Ng6 ({Much less strong is} 32. Rxa6 Rxe5 33. Nxh6+ gxh6 34. Rxf6 Ra5 $18) 32... Re6 33. Nxf8 Kxf8 34. Rc1 Nd7 35. Bd4 g6 36. Nxh6 Rd6 37. Be3 Rd3 38. Ng4 b3 39. Kf2 Nb4 40. Ke2 Rd6 41. Rc3 Na2 1-0

[Event "Turkish Cup 2022"]
[Site "Sakarya"]
[Date "2022.03.29"]
[Round "7.5"]
[White "Yavuz, Efe Metehan"]
[Black "Huseyinoglu, Alihan"]
[Result "1-0"]
[ECO "A87"]
[WhiteElo "2054"]
[BlackElo "2312"]
[Annotator "TA"]
[PlyCount "67"]
[EventDate "2022.03.25"]
[EventType "swiss"]
[EventCountry "TUR"]
[SourceTitle "playchess.com"]
[Source "ChessBase"]
[SourceQuality "1"]
[TimeControl "5400+30"]

1. d4 g6 2. Nf3 Bg7 3. g3 d6 4. Bg2 f5 5. O-O Nf6 6. c4 O-O 7. Nc3 Qe8 8. d5 Na6 9. Nd4 Bd7 10. Rb1 c6 11. dxc6 bxc6 12. b4 Rc8 13. b5 {[%emt 0:13:30] A87: Dutch Defence: Leningrad System: 5 Nf3.} cxb5 {[%emt 0:07:30] [#]} 14. cxb5 {[%emt 0:02:30] aiming for Qb3+.} Rxc3 15. bxa6 {[%emt 0:00:30] The position is equal.} ({Much weaker is} 15. Bb2 Rc7 16. bxa6 Ne4 $15) 15... Ne4 {[%emt 0:14:30] [#]} (15... e5 $11 16. Nb3 Bc6) 16. Rb7 $1 $16 {[%emt 0:05:30] [#]} Nc5 $146 (16... Rxc1 $2 17. Qxc1 Qf7 18. Qe3 $18) (16... Kh8 $16 {keeps fighting.}) ({Predecessor:} 16... Qc8 17. Bb2 Rc7 18. Qb3+ Kh8 19. Bxe4 fxe4 20. Rxc7 Qxc7 21. Rc1 Qa5 22. Ne6 Bxe6 23. Bxg7+ Kxg7 24. Qxe6 Rf7 {½-½ (24) Wehmeier,S (2320)-Kindermann,S (2495) Lippstadt 1993}) 17. Rxa7 $18 {[%emt 0:00:30] Black must now prevent Ra8.} Qb8 {[%emt 0:02:56] [#] Strongly threatening ...Rxc1.} 18. Rxd7 $1 Nxd7 19. Ne6 {[%emt 0:03:37] And now Bd5 would win.} Rfc8 20. Be3 Rxe3 21. fxe3 Qb6 22. Qb3 Bh6 23. Nf4+ Qxb3 24. axb3 Rc7 25. b4 {[%emt 0:00:30] Ra1 is the strong threat.} Nb6 26. Nd5 Ra7 27. b5 e6 28. Nf4 (28. Nxb6 $142 Bxe3+ 29. Kh1 Bxb6 30. Bb7) 28... e5 {[%emt 0:00:15] [#]} 29. Rc1 $1 exf4 {[%emt 0:00:09] White has a decisive advantage.} 30. gxf4 Bf8 31. Bb7 ({Don't do} 31. Rc6 $6 Nd7 32. Bd5+ Kg7 $18) 31... Kf7 32. Rc6 Na4 33. b6 Nxb6 34. Rxb6 {[%emt 0:00:00] White took control after the opening.  Weighted Error Value: White=0.24 (precise) /Black=0.44} 1-0

[Event "Turkish Cup 2022"]
[Site "Sakarya"]
[Date "2022.03.29"]
[Round "7.6"]
[White "Eren, Ataberk"]
[Black "Kilic, Eray"]
[Result "0-1"]
[ECO "E32"]
[WhiteElo "2306"]
[BlackElo "2088"]
[Annotator "NA"]
[PlyCount "116"]
[EventDate "2022.03.25"]
[EventType "swiss"]
[EventCountry "TUR"]
[SourceTitle "playchess.com"]
[Source "ChessBase"]
[SourceQuality "1"]
[TimeControl "5400+30"]

1. d4 Nf6 2. c4 e6 3. Nc3 Bb4 4. Qc2 O-O 5. e4 d5 6. e5 Ne4 7. Bd3 c5 8. Nf3 cxd4 9. Nxd4 Nd7 10. Bf4 Ndc5 11. O-O Bxc3 12. bxc3 Nxd3 13. Qxd3 Nc5 14. Qe3 dxc4 15. Bg5 Qc7 16. Nb5 Qc6 17. Rab1 b6 18. f3 Nd3 19. Be7 Re8 20. Bd6 Rd8 21. Qg5 Rd7 22. Nd4 Qd5 23. f4 Bb7 24. Qg3 Rc8 25. f5 Kh8 26. Rb5 Nc5 27. h4 exf5 28. Nxf5 Rg8 29. Bf8 Qxg2+ 30. Qxg2 Bxg2 31. Kxg2 Rxf8 32. Nd6 Kg8 33. Nxc4 Rd3 34. Rf3 Rfd8 35. Nd6 Rd2+ 36. Rf2 Rxf2+ 37. Kxf2 f6 38. Nc4 Nd3+ 39. Ke3 Nxe5 40. Nxe5 Re8 41. Kd4 Rxe5 42. Rxe5 fxe5+ 43. Kxe5 Kf7 44. Kf5 g6+ 45. Ke5 Ke7 46. a4 h6 47. c4 a5 48. Kd5 Kd7 49. c5 bxc5 50. Kxc5 g5 51. hxg5 hxg5 52. Kd5 g4 53. Ke4 Kc6 54. Kf4 Kc5 55. Kxg4 Kb4 56. Kf3 Kxa4 57. Ke2 Kb3 58. Kd1 Kb2 0-1

[Event "Turkish Cup 2022"]
[Site "Sakarya"]
[Date "2022.03.29"]
[Round "7.8"]
[White "Temizer, Umut"]
[Black "Ozdemir, Serhan Berat"]
[Result "0-1"]
[ECO "C00"]
[WhiteElo "1972"]
[BlackElo "2185"]
[Annotator "TA"]
[PlyCount "88"]
[EventDate "2022.03.25"]
[EventType "swiss"]
[EventCountry "TUR"]
[SourceTitle "playchess.com"]
[Source "ChessBase"]
[SourceQuality "1"]
[TimeControl "5400+30"]

1. e4 c5 2. Nf3 e6 3. g3 Nc6 4. Bg2 Nf6 5. Qe2 d6 6. O-O Be7 7. Rd1 e5 8. c3 O-O 9. h3 Qc7 10. Na3 a6 (10... Be6 $11 {was preferrable.}) 11. d4 $14 b5 12. Nc2 cxd4 13. cxd4 Re8 14. d5 Na5 15. Nfe1 Bd7 16. b3 Rac8 17. Nb4 Nb7 18. Be3 Nc5 19. Rac1 Qa5 20. Bd2 Qb6 21. Nbd3 a5 (21... Nxd3 $11 {remains equal.} 22. Nxd3 a5) 22. Be3 Qb8 23. Nxc5 dxc5 24. Nd3 ({White should play} 24. Bf3 $14) 24... c4 $11 25. bxc4 bxc4 26. Ne1 (26. Nb2 $11) 26... Ba4 $17 27. Nc2 Qb2 28. d6 {[%emt 0:01:38] [#]} Bf8 $1 29. f4 (29. Bg5 $17 {keeps fighting.} Red8 30. Bxf6 gxf6 31. Qg4+ Kh8 32. Rf1) 29... Nd7 30. Rd5 Bc6 31. Rxa5 (31. Rdd1 $17) 31... exf4 $19 32. gxf4 Bxe4 33. Bxe4 Rxe4 34. Re1 Nf6 ({Avoid the trap} 34... Bxd6 $2 35. Rd5 Qb8 36. Qd2 $19) 35. Re5 Rxe5 (35... Bxd6 $2 36. Rxe4 Nxe4 37. Bd4 Qxa2 38. Qxe4 $18) 36. fxe5 Qxe5 37. Qg2 Qxd6 38. Nd4 Nd5 39. Bf2 Nf4 40. Qf3 Nd3 41. Re4 Nxf2 42. Qxf2 Qb6 43. Qf5 Rc5 44. Qd7 Qb1+ 0-1

[Event "Turkish Cup 2022"]
[Site "Sakarya"]
[Date "2022.03.29"]
[Round "7.9"]
[White "Ererdem, Gani Eren"]
[Black "Ozcan, Ilker"]
[Result "1/2-1/2"]
[ECO "D02"]
[WhiteElo "2134"]
[BlackElo "2014"]
[Annotator "NA"]
[PlyCount "40"]
[EventDate "2022.03.25"]
[EventType "swiss"]
[EventCountry "TUR"]
[SourceTitle "playchess.com"]
[Source "ChessBase"]
[SourceQuality "1"]
[TimeControl "5400+30"]

1. d4 Nf6 2. Nf3 g6 3. Nbd2 d5 4. e3 Bg7 5. b4 O-O 6. c4 a5 7. b5 c5 8. Bb2 Nbd7 9. Rc1 Re8 10. cxd5 cxd4 11. e4 e6 12. dxe6 Rxe6 13. Bc4 Ne5 14. Nxe5 Rxe5 15. O-O Nxe4 16. Nf3 Re7 17. Bxd4 Bg4 18. Bxg7 Qxd1 19. Rfxd1 Kxg7 20. Re1 Rae8 1/2-1/2

[Event "Turkish Cup 2022"]
[Site "Sakarya"]
[Date "2022.03.29"]
[Round "7.14"]
[White "Gulden, Egemen"]
[Black "Tahaoglu, Erkin"]
[Result "0-1"]
[ECO "A08"]
[WhiteElo "2094"]
[BlackElo "1694"]
[Annotator "NA"]
[PlyCount "105"]
[EventDate "2022.03.25"]
[EventType "swiss"]
[EventCountry "TUR"]
[SourceTitle "playchess.com"]
[Source "ChessBase"]
[SourceQuality "1"]
[TimeControl "5400+30"]

1. Nf3 d5 2. d3 c5 3. g3 Nc6 4. Bg2 Nf6 5. O-O e5 6. Bg5 Be7 7. Nfd2 Ng8 8. Bxe7 Ngxe7 9. c4 dxc4 10. Nxc4 O-O 11. Nc3 Be6 12. b3 Rc8 13. Ne4 b6 14. Ng5 Bd5 15. Nf3 Ng6 16. h4 Nd4 17. h5 Nxf3+ 18. Bxf3 Bxf3 19. exf3 Ne7 20. Nxe5 Qd5 21. Qe2 Nc6 22. Nxc6 Rxc6 23. Qe4 Rd6 24. Qg4 Rfd8 25. Rad1 Qd4 26. Qxd4 Rxd4 27. Rfe1 Kf8 28. Re3 a5 29. Kf1 a4 30. Ke2 axb3 31. axb3 Rb4 32. Rb1 Ra8 33. Re4 Rb5 34. Kd1 Ra3 35. Kc2 Ra2+ 36. Rb2 Ra1 37. Kc3 Rc1+ 38. Kd2 Rf1 39. Ke3 f5 40. Ra4 Re1+ 41. Kd2 Rh1 42. g4 Kf7 43. Rf4 g6 44. hxg6+ hxg6 45. Rc4 Ke6 46. d4 cxd4 47. Rxd4 Rd5 48. Rxd5 Kxd5 49. Ke3 b5 50. Rc2 fxg4 51. fxg4 Rb1 52. Rc3 g5 53. f3 0-1

[Event "Turkish Cup 2022"]
[Site "Sakarya"]
[Date "2022.03.29"]
[Round "7.15"]
[White "Maruflu, Enes Yusuf"]
[Black "Korkmaz, Necmettin"]
[Result "1/2-1/2"]
[ECO "C02"]
[WhiteElo "1945"]
[BlackElo "2076"]
[Annotator "TA"]
[PlyCount "138"]
[EventDate "2022.03.25"]
[EventType "swiss"]
[EventCountry "TUR"]
[SourceTitle "playchess.com"]
[Source "ChessBase"]
[SourceQuality "1"]
[TimeControl "5400+30"]

1. e4 e6 2. d4 d5 3. e5 c5 4. c3 Qb6 5. Nf3 Bd7 6. a3 Nc6 7. b4 cxd4 8. cxd4 Rc8 9. Be3 Nge7 10. Bd3 Nf5 11. O-O Be7 12. Bxf5 exf5 13. Nc3 Be6 14. Na4 Qd8 15. Qd2 b6 16. Rac1 O-O 17. Rc3 Qd7 18. Qc2 Nb8 19. Rc1 Rxc3 20. Nxc3 Rc8 21. Qb2 Nc6 22. Ne2 h6 23. h4 b5 24. Nf4 Nd8 25. g3 Rc4 26. Nd2 g5 27. Nxc4 dxc4 28. hxg5 hxg5 29. Nxe6 Nxe6 30. f4 Bd8 31. Rd1 Bb6 32. Qf2 c3 33. fxg5 f4 34. gxf4 Nxd4 35. f5 $2 (35. Rxd4 $18 Qg4+ 36. Qg2 Qxg2+ 37. Kxg2) 35... c2 $1 $14 36. Qxc2 ({Don't go for} 36. Rxd4 $2 Bxd4 37. Qxc2 Bxe3+ 38. Kf1 Qd4 $19) 36... Nxc2 37. Rxd7 Nxe3 38. f6 Ng4+ 39. Kf1 (39. Kg2 $14 Nxe5 40. Re7) 39... Nxe5 $11 40. Rd5 Nc4 41. Rxb5 $2 (41. Ke2 $11) 41... Nxa3 $2 (41... a6 $19 42. Rxb6 Nxb6) 42. Re5 $11 Kf8 43. Kg2 Nc2 44. b5 Nd4 45. Kh3 Ne6 46. Kg4 Bc7 {[%emt 0:01:01] [#]} (46... Nd4 $11 {keeps the balance.}) 47. Re1 (47. Re4 $1 $16) 47... Kg8 (47... Bb6 $11) 48. Rd1 (48. Re4 $1 $14) 48... Bb6 $11 49. Rd7 Nf8 (49... Kh7 $11) 50. Re7 Bc5 51. Kf5 Bg1 52. Re8 Bc5 $1 53. Rc8 Be3 54. Kg4 Bd2 $1 55. Ra8 Be3 56. Kf5 Bc5 $1 57. Ke4 ({White should try} 57. Re8 $14) 57... Kh7 $1 $11 58. Kf5 Ng6 (58... Kg8 $1 $11) 59. Rc8 $14 Bb6 60. Re8 Bc5 61. Rb8 Bb6 62. Rb7 Kg8 63. Ke4 Nh4 64. Rb8+ (64. Kf4 $14) 64... Kh7 $11 65. Rf8 Kg6 66. Rg8+ Kh5 67. Rg7 Ng6 68. Kf5 Nh4+ 69. Ke4 Ng6 1/2-1/2

[Event "Turkish Cup 2022"]
[Site "Sakarya"]
[Date "2022.03.29"]
[Round "7.16"]
[White "Canbulan, Arda"]
[Black "Gunduz, Umut Erdem"]
[Result "1/2-1/2"]
[ECO "C45"]
[WhiteElo "1867"]
[BlackElo "2258"]
[Annotator "TA"]
[PlyCount "89"]
[EventDate "2022.03.25"]
[EventType "swiss"]
[EventCountry "TUR"]
[SourceTitle "playchess.com"]
[Source "ChessBase"]
[SourceQuality "1"]
[TimeControl "5400+30"]

1. e4 e5 2. Nf3 Nc6 3. d4 exd4 4. Nxd4 Bc5 5. Be3 Qf6 6. c3 Nge7 7. Bc4 O-O 8. Nxc6 Qxc6 9. Bxc5 Qxc5 10. Qd4 Qg5 11. O-O d5 12. f4 $1 Qg6 13. f5 (13. exd5 $16 Bh3 14. Rf2) 13... Qg4 (13... Qg5 {seems wilder.} 14. Bxd5 Nxd5 15. exd5 Bxf5 16. Nd2 Rfe8) 14. Bxd5 Bxf5 15. exf5 ({White should try} 15. Bxb7 $14 Rab8 16. exf5 Qxd4+ 17. cxd4 Rxb7 18. b3) 15... Qxd4+ $15 16. cxd4 Nxd5 17. Nc3 Rad8 18. Rfe1 Nxc3 19. bxc3 Rd6 20. Rab1 b6 21. Re3 Rfd8 22. Rb5 Kf8 23. Rbe5 Rd5 (23... f6 $5 24. Re7 R6d7 $11) 24. g4 Rxe5 25. Rxe5 f6 26. Re6 Re8 27. d5 Re7 (27... b5 $11 {keeps the balance.}) 28. c4 Ke8 29. Kf2 Kd7 30. Ke3 Re8 31. Kf4 h6 {[%emt 0:00:57] [#]} (31... a5 $14) 32. h4 (32. Kg3 $1 $16 ) 32... Rh8 $1 $11 33. a3 Rh7 34. a4 Rh8 35. Kf3 a6 36. Kf4 b5 $1 37. axb5 axb5 38. cxb5 Rb8 39. g5 hxg5+ 40. hxg5 Rxb5 41. gxf6 gxf6 42. Rxf6 $2 (42. Ke4 $11) 42... Rxd5 43. Rf7+ Kd6 44. Rf6+ Kd7 45. Rf7+ 1/2-1/2

[Event "Turkish Cup 2022"]
[Site "Sakarya"]
[Date "2022.03.29"]
[Round "7.17"]
[White "Isik, Alparslan"]
[Black "Kurdas, Halil Ibrahim"]
[Result "1-0"]
[ECO "D43"]
[WhiteElo "2328"]
[BlackElo "1850"]
[Annotator "TA"]
[PlyCount "89"]
[EventDate "2022.03.25"]
[EventType "swiss"]
[EventCountry "TUR"]
[SourceTitle "playchess.com"]
[Source "ChessBase"]
[SourceQuality "1"]
[TimeControl "5400+30"]

1. d4 Nf6 2. c4 e6 3. Nf3 d5 4. Nc3 c6 5. Qd3 Bb4 6. g3 Nbd7 7. Bg2 Ne4 8. a3 Bxc3+ 9. bxc3 O-O 10. Nd2 f5 11. O-O Nb6 12. cxd5 ({Reject} 12. Nxe4 fxe4 13. Qd1 $17) 12... exd5 13. Nb3 Na4 ({Black should play} 13... Re8 $11) 14. c4 $14 Be6 15. c5 $1 b5 16. f3 Nf6 17. Rb1 Qd7 18. Bf4 h6 19. Nd2 Rf7 20. Be5 Qd8 21. Qc2 Nd7 22. Bd6 Qf6 23. Qd3 Rd8 24. e4 g5 (24... fxe4 $14 25. fxe4 Qg6) 25. e5 Qg6 26. f4 g4 (26... Nf8 $16 27. Rf2 Bd7) 27. h3 h5 28. h4 Nf8 29. Rfc1 a6 30. Nb3 Bc8 31. Na5 Bb7 $2 (31... Bd7 32. Nb7 Ra8 33. Bxf8 Rb8) 32. Bf1 $18 Ne6 33. Be2 Ba8 34. Bd1 Kh7 35. Qd2 Rxd6 $2 (35... Ra7 36. Bxa4 bxa4) 36. exd6 $18 Qf6 37. Rb4 Naxc5 38. dxc5 Nf8 39. Qd4 Qd8 40. Rb3 Qxa5 41. Re3 Ng6 42. Bc2 Qd8 43. Rce1 Nxh4 44. gxh4 Qxh4 45. Bxf5+ 1-0

[Event "Turkish Cup 2022"]
[Site "Sakarya"]
[Date "2022.03.29"]
[Round "7.19"]
[White "Oktem, Ege Tuna"]
[Black "Bacak, Muhammed Kaan"]
[Result "1/2-1/2"]
[ECO "B22"]
[WhiteElo "1614"]
[BlackElo "2155"]
[Annotator "TA"]
[PlyCount "72"]
[EventDate "2022.03.25"]
[EventType "swiss"]
[EventCountry "TUR"]
[SourceTitle "playchess.com"]
[Source "ChessBase"]
[SourceQuality "1"]
[TimeControl "5400+30"]

1. e4 c5 2. c3 Nf6 3. e5 Nd5 4. Nf3 e6 5. d4 cxd4 6. cxd4 b6 7. Bd3 Ba6 8. O-O Be7 9. Nc3 Nxc3 10. bxc3 Bxd3 11. Qxd3 O-O 12. Bf4 {[%emt 0:03:30] B22: Sicilian: 2 c3.} Nc6 13. d5 exd5 14. Qxd5 {[%emt 0:00:30] White is slightly better.} Qc7 15. Rad1 Rad8 16. Rfe1 Qc8 {[%emt 0:07:30] [#]} 17. Rd3 $146 ({Predecessor:} 17. Ng5 Bxg5 18. Bxg5 Rde8 19. f4 h6 20. Bh4 Nb8 21. Rd3 Qc6 22. c4 Rc8 23. Re4 {0-1 (55) Bergstrom,R-Murugan,K (2395) Gausdal 1991}) 17... Kh8 18. h3 h6 19. Qe4 Na5 20. Nd4 {[%emt 0:14:30][%cal Bf3d4,Bd4f5,Bf5d6][%mdl 32] Strongly threatening Nf5. &Bianco is much more active.} d5 21. Qf5 {[%emt 0:02:30] Black must now prevent Qh5.} ({Much less strong is} 21. exd6 Bxd6 22. Bxd6 Rxd6 $11) 21... Qxf5 22. Nxf5 Ba3 23. Red1 Rc8 24. Nd6 Rc5 25. Be3 Rc6 26. Rxd5 Nc4 {[%emt 0:00:30] [#]} (26... Bxd6 $16 27. exd6 Rd8) 27. Nxc4 $1 $18 Rxc4 28. Rd7 Rxc3 {[%emt 0:00:30] [#]} (28... Bb2 $16 {was necessary.} 29. Rxa7 Bxc3) 29. Rxa7 ({White has to play} 29. e6 $1 $18) 29... Bc5 $16 30. Bxc5 Rxc5 31. Rdd7 (31. f4 $142) 31... Rxe5 32. Rxf7 Rxf7 33. Rxf7 {[%emt 0:00:30] KR-KR} Re2 34. Rb7 Rxa2 35. Rxb6 Kh7 36. g4 ({White should try} 36. Rb5 $16) 36... g5 {[%emt 0:00:00] Weighted Error Value: White=0.18 (very precise) /Black=0.15 (very precise)} 1/2-1/2

[Event "Turkish Cup 2022"]
[Site "Sakarya"]
[Date "2022.03.29"]
[Round "7.20"]
[White "Ulu, Ekrem"]
[Black "Tarhan, Adar"]
[Result "0-1"]
[ECO "D02"]
[WhiteElo "1692"]
[BlackElo "2125"]
[Annotator "NA"]
[PlyCount "102"]
[EventDate "2022.03.25"]
[EventType "swiss"]
[EventCountry "TUR"]
[SourceTitle "playchess.com"]
[Source "ChessBase"]
[SourceQuality "1"]
[TimeControl "5400+30"]

1. d4 d5 2. Bf4 Nf6 3. e3 Bf5 4. Nf3 e6 5. Bd3 Bg6 6. O-O Bd6 7. c3 Nc6 8. Re1 Ne7 9. Ne5 c6 10. Qc2 Bxd3 11. Nxd3 Ng6 12. Bxd6 Qxd6 13. Nd2 h5 14. Nf3 Ne4 15. Nde5 Ne7 16. Nd2 Nxd2 17. Qxd2 f6 18. Nd3 O-O-O 19. b4 e5 20. a4 e4 21. Nc5 b6 22. Nb3 Rh6 23. Qe2 Kd7 24. Qa6 Rg6 25. Qxa7+ Ke8 26. Qxb6 Qe6 27. Qa6 Nf5 28. Nd2 Nh4 29. g3 Nf5 30. b5 Rc8 31. b6 h4 32. Qf1 hxg3 33. fxg3 Nxg3 34. hxg3 Rxg3+ 35. Qg2 Qh3 36. Re2 Rxg2+ 37. Rxg2 Qxe3+ 38. Kf1 Qxc3 39. Rb1 Kf7 40. b7 Rb8 41. Rb3 Qxd4 42. a5 Qa7 43. Rbg3 g5 44. Nb3 Rxb7 45. Ra2 e3 46. Ra3 d4 47. Rg2 d3 48. Rga2 e2+ 49. Rxe2 dxe2+ 50. Kxe2 Qa6+ 51. Kd2 Rxb3 0-1

[Event "Turkish Cup 2022"]
[Site "Sakarya"]
[Date "2022.03.29"]
[Round "7.21"]
[White "Kandaz, Berat Efe"]
[Black "Caputcuoglu, Zeki Berke"]
[Result "1-0"]
[ECO "D97"]
[WhiteElo "1519"]
[BlackElo "2095"]
[Annotator "TA"]
[PlyCount "91"]
[EventDate "2022.03.25"]
[EventType "swiss"]
[EventCountry "TUR"]
[SourceTitle "playchess.com"]
[Source "ChessBase"]
[SourceQuality "1"]
[TimeControl "5400+30"]

1. d4 Nf6 2. c4 g6 3. Nc3 d5 4. Nf3 Bg7 5. Qb3 dxc4 6. Qxc4 O-O 7. e4 Nc6 8. Be2 e5 9. d5 Nd4 10. Nxd4 exd4 11. Qxd4 c6 12. Qc4 b5 13. Qxc6 Bd7 14. Qd6 Re8 15. e5 Ng4 16. e6 fxe6 17. h3 (17. Bxg4 exd5+ 18. Be2 Bxc3+ 19. bxc3 Rxe2+ $1 20. Kf1 Re8 $15) (17. Nxb5 $2 Be5 $1 $19) 17... Be5 18. Qb4 Nf6 19. d6 (19. Nxb5 $2 exd5 20. a4 a6 $19) (19. Bxb5 $2 Bxc3+ 20. bxc3 Nxd5 $19) 19... Bc6 (19... Rc8 $1 $11 20. Bg5 (20. Nxb5 Rc2 $14) 20... Qb6) 20. Bg5 ({But not} 20. Nxb5 Rb8 21. a4 Bxg2 $15) ({White should play} 20. O-O $1 $14) 20... Qd7 {[%emt 0:09:30] [#]} (20... Bxg2 $11 {remains equal.} 21. Rg1 Bd5) 21. Rd1 ({Worse is} 21. Nxb5 Reb8 22. a4 Ne4 $17) (21. Bxb5 Bxb5 22. Nxb5 Rab8 $15) (21. O-O $1 $16) 21... Nd5 (21... Bxg2 $11 22. Bxb5 Qb7) 22. Nxd5 $16 exd5 23. Be7 Rad8 (23... a5 $16 24. Qc5 Rac8) 24. Bxd8 $18 Bxd6 25. Qd2 Rxd8 26. O-O d4 (26... Bc7 $142 27. f4 d4) 27. f4 ({Weaker is} 27. Qxd4 Bh2+ 28. Kxh2 Qxd4 29. Rxd4 Rxd4 $16) 27... Bc5 28. Bf3 Bxf3 29. Rxf3 Re8 30. Kh1 Qf7 $2 (30... Qf5 31. Re1 Rxe1+ 32. Qxe1 Bd6) 31. f5 $18 gxf5 32. Qg5+ Qg6 33. Rxf5 Bb6 34. Qxg6+ hxg6 35. Rxb5 Rd8 36. Rd3 Kf7 37. g4 Ke6 38. Kg2 Rc8 39. a4 Rc2+ 40. Kf3 Rh2 41. Kf4 Kf6 42. Ke4 Re2+ 43. Kd5 Re5+ 44. Kc4 Re6 45. a5 Bc7 46. Rxd4 1-0

[Event "Turkish Cup 2022"]
[Site "Sakarya"]
[Date "2022.03.29"]
[Round "7.22"]
[White "Baltaci, Ismail Tarik"]
[Black "Lale, Omer Faruk"]
[Result "1/2-1/2"]
[ECO "B23"]
[WhiteElo "2033"]
[BlackElo "1771"]
[Annotator "NA"]
[PlyCount "163"]
[EventDate "2022.03.25"]
[EventType "swiss"]
[EventCountry "TUR"]
[SourceTitle "playchess.com"]
[Source "ChessBase"]
[SourceQuality "1"]
[TimeControl "5400+30"]

1. e4 c5 2. Nc3 e6 3. f4 d5 4. exd5 exd5 5. Bb5+ Bd7 6. Qe2+ Be7 7. Nxd5 Nc6 8. Nf3 a6 9. Bxc6 Bxc6 10. Nxe7 Nxe7 11. O-O O-O 12. Ne5 Re8 13. Qf2 f6 14. Ng4 Nf5 15. a4 h5 16. Ne3 Nxe3 17. dxe3 Qd5 18. Ra3 c4 19. Qf3 Qf5 20. Qh3 Qxc2 21. Rc3 Qe4 22. a5 Rad8 23. Qf3 Qf5 24. Qe2 Qd5 25. Re1 h4 26. Qxc4 h3 27. gxh3 Re4 28. Qxd5+ Rxd5 29. Kf2 Rh5 30. Kg3 Rxa5 31. Rd1 g5 32. Rd6 Kf7 33. Bd2 Rb5 34. Rcd3 gxf4+ 35. exf4 Re2 36. Bc3 Rg2+ 37. Kh4 Rf5 38. Rg3 Rxf4+ 39. Rg4 Rfxg4+ 40. hxg4 Rxh2+ 41. Kg3 Rg2+ 42. Kh4 Rf2 43. Rd2 Rf4 44. Rd4 Rf3 45. Rd6 Ke7 46. Rd4 Ke6 47. g5 fxg5+ 48. Kxg5 Bd5 49. Rf4 Rg3+ 50. Rg4 Rxc3 51. bxc3 a5 52. Kf4 a4 53. Ke3 a3 54. c4 Bc6 55. Kd4 a2 56. Rg1 b5 57. Re1+ Kd6 58. c5+ Kc7 59. Ra1 Bd7 60. Rxa2 Be6 61. Ra6 Bc4 62. Rf6 Kb7 63. c6+ Kb6 64. Ke5 Kc7 65. Kd4 Kb6 66. Rg6 Be2 67. Rf6 Bc4 68. Ke4 Bb3 69. Kd4 Bc4 70. Kc3 Bd5 71. Kb4 Bc4 72. Kc3 Kc7 73. Kd4 Kb6 74. Rg6 Bb3 75. c7+ Kxc7 76. Kc5 Bc4 77. Rg7+ Kd8 78. Kd6 Ke8 79. Ra7 Kf8 80. Ke5 Ke8 81. Kd6 Kf8 82. Re7 1/2-1/2

[Event "Turkish Cup 2022"]
[Site "Sakarya"]
[Date "2022.03.29"]
[Round "7.24"]
[White "Koc, Ilkay"]
[Black "Filizci, Kivanc"]
[Result "1-0"]
[ECO "E06"]
[WhiteElo "1995"]
[BlackElo "1658"]
[Annotator "TA"]
[PlyCount "58"]
[EventDate "2022.03.25"]
[EventType "swiss"]
[EventCountry "TUR"]
[SourceTitle "playchess.com"]
[Source "ChessBase"]
[SourceQuality "1"]
[TimeControl "5400+30"]

1. d4 e6 2. g3 Nf6 3. Nf3 d5 4. Bg2 Be7 5. O-O O-O 6. c4 dxc4 7. Qc2 c6 8. a4 a5 9. Qxc4 Na6 10. Nc3 {[%emt 0:01:30] E06: Closed Catalan: Early deviations.} Nb4 11. Rd1 b6 12. Ne5 {[%emt 0:02:00] The position is equal.} Ba6 13. Qb3 Rc8 14. e4 c5 15. dxc5 Qc7 16. Bf4 {[%emt 0:01:30][%cal Oe5d3] [#] aiming for Nd3!} Qxc5 $146 (16... Bxc5 $11 17. Nb5 Qe7) ({Predecessor:} 16... g5 17. cxb6 Qc5 18. b7 Rc7 19. Be3 Qxe5 20. Bd4 Qxd4 21. Rxd4 e5 22. Rd2 Rxb7 {1-0 (31) Grigoryan,K (2555)-Gutierrez Olivares,D (2352) Barcelona 2017}) 17. Rac1 $14 {[%emt 0:01:30][%cal Oc3d5] Black must now prevent Nd5!} Bc4 {[%emt 0:05:30] Against Nd5} 18. Nxc4 Qxc4 19. Qxc4 Rxc4 20. e5 Rxf4 {[%emt 0:19:33] Loses the game.} 21. gxf4 $18 Nh5 22. Ne2 g6 23. Rc7 Bc5 24. Bf3 Ng7 25. Ng3 Nc2 (25... Nf5 $142 26. Nxf5 gxf5) 26. Ne4 Nd4 27. Nxc5 Nxf3+ 28. Kg2 {[%emt 0:00:00] [#] Nd7 is the strong threat.} Ne8 (28... Nh4+ $142 29. Kh3 bxc5) 29. Rc8 ({Not} 29. Kxf3 Nxc7 30. Nd7 Ra8 $16) 29... Ne1+ {[%emt 0:00:49] Weighted Error Value: White=0.02 (flawless) /Black=0.53} 1-0